 Dungeon Crawl Stone Soup version 0.25.1-9-gc5326a611f (webtiles) character file.

Game seed: 9796262609838651144

37060 MajorAdolf the Unseen (level 13, -6/132 HPs)
             Began as a Naga Wanderer on Dec 30, 2020.
             Was a High Priest of Dithmenos.
             Mangled by a quicksilver dragon (15 damage)
             ... on level 2 of the Abyss.
             The game lasted 00:49:55 (19379 turns).

MajorAdolf the Unseen (Naga Wanderer)              Turns: 19379, Time: 00:49:56

Health: -6/132     AC: 21    Str: 18    XL:     13   Next: 94%
Magic:  20/20      EV:  5    Int: 16    God:    Dithmenos [*****.]
Gold:   885        SH: 17    Dex: 13    Spells: 12/16 levels left

rFire    + + .     SeeInvis +   a - +3 dagger
rCold    + . .     Gourm    .   c - +0 tower shield
rNeg     . . .     Faith    .   D - +6 leather armour of Ovisatz {Str+4}
rPois    +         Spirit   .   h - +2 hat
rElec    .         Reflect  .   p - scarf {rC+ rF+}
rCorr    .         Harm     .   t - +0 pair of gloves
MR       +....     Clarity  +   z - +2 naga barding
Stlth    +++++++++.             i - amulet of regeneration
HPRegen  0.72/turn              l - ring of protection from fire
MPRegen  0.17/turn              Q - ring of stealth

@: wreathed by umbra, studying Fighting, very slow
A: large, see invisible, clarity, deformed body, poison resistance, robust 1,
slowness 2, slow metabolism 1, spit poison 2, constrict 1, AC +4
a: Breathe Poison Gas, Shadow Step, Shadow Form, Renounce Religion


You were on level 2 of the Abyss.
You worshipped Dithmenos.
Dithmenos was extremely pleased with you.
You were hungry.

You visited 4 branches of the dungeon, and saw 18 of its levels.
You visited the Abyss 1 time.
You also visited: Bailey.

You collected 1050 gold pieces.
You spent 165 gold pieces at shops.

Inventory:

Hand Weapons
 a - a +3 dagger (weapon)
 C - a +0 broad axe
 N - a +5 broad axe
Missiles
 m - 50 poisoned darts (quivered)
 w - 11 atropa-tipped darts
Armour
 c - a +0 tower shield (worn)
 h - a +2 hat (worn)
 p - a scarf of resistance (worn)
 r - a +3 chain mail of magic resistance
 t - a +0 pair of gloves (worn)
 z - a +2 naga barding (worn)
 D - the +6 leather armour of Ovisatz (worn) {Str+4}
   (You took it off an orc warrior in a bailey)

   It affects your strength (+4).
Jewellery
 i - an amulet of regeneration (around neck)
 l - a ring of protection from fire (left hand)
 Q - a ring of stealth (right hand)
 X - an uncursed amulet of reflection
 Y - a cursed ring of teleportation {unknown}
Wands
 n - a wand of flame (35)
 u - a wand of random effects (30)
 v - a wand of digging (11)
 G - a wand of clouds (9)
 I - a wand of acid (7)
 R - a wand of enslavement (12)
 W - a wand of paralysis (21)
Scrolls
 g - a scroll of teleportation
 k - 2 scrolls of blinking
 o - 3 scrolls of remove curse
 x - 4 scrolls of fog
 y - a scroll of fear
 K - 2 scrolls of amnesia
 L - 3 scrolls of enchant weapon
 O - 4 scrolls of vulnerability
 U - 3 scrolls of enchant armour
Potions
 b - 2 potions of haste
 d - 3 potions of flight
 e - a potion of curing
 j - 4 potions of stabbing
 q - a potion of might
 s - 2 potions of magic
 B - 2 potions of brilliance
 F - a potion of lignification
 P - a potion of heal wounds
 S - 3 potions of resistance
 T - a potion of degeneration
Books
 A - a manual of Fighting
Miscellaneous
 E - a lightning rod (4/4)
 H - a tin of tremorstones (2/3)
 M - a phantom mirror
 Z - a phial of floods
Comestibles
 f - 33 rations


   Skills:
 + Level 8.9 Fighting
 - Level 10.0 Short Blades
 - Level 1.0 Armour
 + Level 15.1 Stealth
 + Level 10.6 Shields
 - Level 2.0 Spellcasting
 - Level 3.0 Conjurations
   Level 2.0 Charms
 + Level 3.7 Air Magic
 + Level 5.5 Poison Magic
 + Level 9.7 Evocations


You had 12 spell levels left.
You knew the following spells:

 Your Spells              Type           Power        Failure   Level  Hunger
a - Sting                 Tmut/Pois      ##..         21%         1    #......
b - Mephitic Cloud        Conj/Pois/Air  ##......     34%         3    ###....

Your spell library contained the following spells:

 Spells                   Type           Power        Failure   Level  Hunger
 Summon Small Mammal      Summ           #...         52%         1    #......
 Call Imp                 Summ           #.......     67%         2    ###....
 Ensorcelled Hibernation  Hex/Ice        #.....       67%         2    ###....
 Call Canine Familiar     Summ           #.......     88%         3    ###....
 Summon Guardian Golem    Hex/Summ       #.......     88%         3    ###....
 Summon Lightning Spire   Summ/Air       #.......     96%         4    #####..
 Summon Ice Beast         Ice/Summ       #.......     99%         4    #####..
 Borgnjor's Vile Clutch   Necr/Erth      #.........   100%        5    ######.
 Silence                  Hex/Air        #.........   100%        5    ######.
 Darkness                 Hex            #.........   100%        6    #######
 Shadow Creatures         Summ           N/A          100%        6    #######


Dungeon Overview and Level Annotations

Branches:
Dungeon (10/15)            Temple (1/1) D:6            Lair (6/6) D:9
 Shoals (0/4) Lair:4        Snake (0/4) Lair:4        Slime (0/5) Lair:5
    Orc (1/2) D:10         Bailey (visited)

Altars:
Ashenzari
Cheibriados
Dithmenos
Elyvilon
Fedhas
Gozag
Hepliaklqana
Kikubaaqudgha
Makhleb
Okawaru
Qazlal
Ru
Sif Muna
Uskayaw
Wu Jian
Xom
Yredelemnul
Zin
The Shining One

Shops:
D:4 *   D:10 (

Annotations:
D:3 1 runed translucent door, 1 exclusion, Crazy Yiuf
D:4 Dowan, Duvessa
D:5 Menkaure
D:7 Harold
D:8 Pikel


Innate Abilities, Weirdness & Mutations

You cannot wear boots.
Your serpentine skin is tough. (AC +4)
You have supernaturally acute eyesight. (SInv)
Armour fits poorly on your strangely shaped body.
Your system is resistant to poisons. (rPois)
You cover ground very slowly.
You have a slow metabolism.
You can exhale a cloud of poison.
You can use your snake-like lower body to constrict enemies.
You possess an exceptional clarity of mind.
You are robust. (+10% HP)


Message History

Evoke which item? (* to show all) (? for menu, Esc to quit)
The tremorstone explodes into fragments!
The burst of rock shards engulfs the ufetubus!
You kill the ufetubus!
Dithmenos accepts your kill.
The burst of rock shards engulfs the ufetubus!!
You kill the ufetubus!
Dithmenos accepts your kill.
The burst of rock shards engulfs the quicksilver dragon but does no damage.
The burst of rock shards engulfs you but does no damage.
The quicksilver dragon bites you!
* * * LOW HITPOINT WARNING * * *
The quicksilver dragon claws you but does no damage.
Unknown command.
Unknown command.
Unknown command.
You feel better.
The quicksilver dragon barely misses you.
The quicksilver dragon claws you!
You die...

# .#..... . ..
.#.§....§.......#... ...
..§.....#...##......
..§..#......#...........
.§ .#§...........§..#..
....... §...............
.. ... §#.......§......
.... §.......#.§...§...
..............D@§..#§§
§.....§................
. ... .#...............
... .....§..#..........
........ .....§.........
#..#....§..........#..#.
.....§.§......#......#..
.....§..........)......
.. ............


You could see a quicksilver dragon.

Vanquished Creatures
  Gastronok (D:10)
  4 hydras
  A two-headed ogre (D:9)
  4 death yaks (Lair:6)
  Urug (Lair:1)
  An unseen horror (D:10)
  13 elephants
  2 black mambas
  12 spiny frogs
  7 rime drakes
  7 komodo dragons
  A polar bear (Lair:4)
  A troll (D:9)
  12 blink frogs
  7 hippogriffs
  A snapping turtle (Lair:4)
  26 yaks
  4 wyverns
  A wraith (D:10)
  2 basilisks
  2 small abominations (Abyss:2)
  A hungry ghost (D:10)
  A warg (D:10)
  11 water moccasins
  6 porcupines
  3 orc warriors (Bailey)
  A swamp drake (D:9)
  2 ice beasts
  A black bear (D:10)
  3 sky beasts
  A slave (D:7)
  A necrophage (D:10)
  2 phantoms (D:10)
  14 wolves
  7 ogres
  2 centaurs
  10 crocodiles
  7 bullfrogs
  A scorpion (D:9)
  4 crimson imps
  5 jellies
  3 orc priests
  4 hounds
  10 orc wizards
  A bullfrog skeleton (D:10)
  Ijyb (D:3)
  4 iguanas
  3 worker ants
  6 ogre zombies (D:10)
  A hound zombie (D:5)
  A worker ant zombie (D:5)
  4 gnolls
  3 river rats (Lair:3)
  10 adders
  2 ufetubi (Abyss:2)
  9 oozes
  2 adder zombies (D:6)
  2 worms
  4 leopard geckos
  27 orcs
  2 ball pythons
  6 bats
  6 giant cockroaches
  6 goblins
  3 hobgoblins
  5 jackals
  18 kobolds
  5 quokkas
  2 frilled lizards
  3 goblin skeletons (D:10)
  2 goblin zombies (D:10)
  A hobgoblin skeleton (D:10)
  3 hobgoblin zombies (D:10)
  2 orc skeletons (D:10)
  8 orc zombies (D:10)
  4 rats
  A butterfly (Lair:6)
  A fungus (Lair:6)
  A plant (Lair:6)
369 creatures vanquished.

Vanquished Creatures (others)
  An orc (Orc:1)
  9 fungi
  13 plants
23 creatures vanquished.

Grand Total: 392 creatures vanquished

Notes
Turn   | Place    | Note
-------+----------+-------------------------------------------
     0 | D:1      | MajorAdolf the Naga Wanderer began the quest for the Orb.
     0 | D:1      | MajorAdolf set off with the following items: a +2 dagger, a
                  | potion of haste, a +0 ring mail, a ration; and the
                  | following spell memorised: Sting; and the following spells
                  | available to memorise: Mephitic Cloud
     0 | D:1      | Reached XP level 1. HP: 19/19 MP: 3/3
     1 | D:1      | Noticed an electric eel
   113 | D:1      | Reached skill level 1 in Short Blades
   305 | D:1      | Reached XP level 2. HP: 23/26 MP: 5/5
  1171 | D:2      | Found a basalt altar of Yredelemnul.
  1178 | D:2      | Reached XP level 3. HP: 32/32 MP: 6/6
  1189 | D:2      | Found a glowing golden altar of the Shining One.
  1189 | D:2      | Found a white marble altar of Elyvilon.
  1191 | D:2      | Found a shimmering altar of Xom.
  1191 | D:2      | Found a shimmering altar of Xom.
  1191 | D:2      | Found an ornate altar of the Wu Jian Council.
  1940 | D:2      | Reached XP level 4. HP: 32/39 MP: 7/7
  2347 | D:3      | Found a burning altar of Makhleb.
  2347 | D:3      | Found a hazy altar of Hepliaklqana.
  2363 | D:3      | Found a blossoming altar of Fedhas.
  2421 | D:3      | Reached skill level 4 in Stealth
  2840 | D:3      | Reached XP level 5. HP: 16/45 MP: 8/8
  3152 | D:3      | Reached skill level 5 in Stealth
  3248 | D:3      | Noticed Ijyb
  3275 | D:3      | Killed Ijyb
  3720 | D:3      | Found a runed translucent door.
  3721 | D:3      | Noticed Crazy Yiuf
  3929 | D:4      | Found Syjiss's General Store.
  4021 | D:4      | Bought a scroll of teleportation for 33 gold pieces
  4021 | D:4      | Bought 2 potions of heal wounds for 110 gold pieces
  4021 | D:4      | Bought a scroll of fog for 22 gold pieces
  4023 | D:4      | Found a shadowy altar of Dithmenos.
  4100 | D:4      | Noticed an ogre
  4117 | D:4      | Killed an ogre
  4117 | D:4      | Reached skill level 6 in Stealth
  4117 | D:4      | Reached skill level 1 in Evocations
  4117 | D:4      | Reached XP level 6. HP: 46/52 MP: 9/9
  4252 | D:4      | Noticed Duvessa
  4294 | D:4      | Became a worshipper of Dithmenos the Shadowed
  4302 | D:5      | Entered Level 5 of the Dungeon
  4328 | D:5      | Found a sacrificial altar of Ru.
  4344 | D:5      | Noticed Menkaure
  4537 | D:4      | Noticed Dowan
  4724 | D:5      | Found a shadowy altar of Dithmenos.
  4781 | D:5      | Reached skill level 1 in Shields
  4781 | D:5      | Reached XP level 7. HP: 60/60 MP: 10/10
  4846 | D:5      | Reached skill level 7 in Stealth
  4987 | D:5      | Found a basalt altar of Yredelemnul.
  5014 | D:5      | Found a glowing golden altar of the Shining One.
  5326 | D:5      | Reached skill level 5 in Short Blades
  5667 | D:6      | Noticed a yak
  5667 | D:6      | Noticed a yak
  5667 | D:6      | Noticed a yak
  5683 | D:6      | Noticed a yak
  5976 | D:6      | Found a staircase to the Ecumenical Temple.
  5985 | Temple   | Entered the Ecumenical Temple
  5996 | Temple   | Reached XP level 8. HP: 55/67 MP: 11/11
  6291 | Temple   | Killed a yak
  6291 | Temple   | Reached skill level 8 in Stealth
  6359 | Temple   | Killed a yak
  6415 | Temple   | Killed a yak
  6428 | Temple   | Killed a yak
  6428 | Temple   | Reached * piety under Dithmenos
  7146 | D:6      | Reached skill level 9 in Stealth
  7270 | D:6      | Reached XP level 9. HP: 43/73 MP: 12/12
  7370 | D:7      | Found a white marble altar of Elyvilon.
  7371 | D:7      | Noticed Harold
  7522 | D:7      | Found a shimmering altar of Xom.
  7578 | D:7      | Reached skill level 5 in Shields
  7889 | D:8      | Noticed Pikel
  8082 | D:9      | Noticed a two-headed ogre
  8098 | D:9      | Killed a two-headed ogre
  8098 | D:9      | Reached skill level 10 in Stealth
  8098 | D:9      | Reached skill level 5 in Evocations
  8151 | D:9      | Found a flagged portal.
  8160 | Bailey   | Entered a bailey
  8603 | Bailey   | Identified the +6 leather armour of Ovisatz {Str+4}
  8628 | Bailey   | Reached XP level 10. HP: 76/84 MP: 14/14
  8672 | Bailey   | Found a burning altar of Makhleb.
  9611 | D:9      | Reached skill level 11 in Stealth
  9624 | D:9      | Reached ** piety under Dithmenos
  9925 | D:9      | Found a staircase to the Lair.
 10052 | D:10     | Entered Level 10 of the Dungeon
 10300 | D:10     | Noticed Gastronok
 10459 | D:10     | Gained mutation: You can exhale a cloud of poison. [potion
                  | of mutation]
 10459 | D:10     | Gained mutation: You are robust. (+10% HP) [potion of
                  | mutation]
 10459 | D:10     | Gained mutation: You possess an exceptional clarity of
                  | mind. [potion of mutation]
 10479 | D:10     | Noticed an unseen horror
 10486 | D:10     | Killed an unseen horror
 10486 | D:10     | Reached XP level 11. HP: 99/102 MP: 15/15
 10677 | D:10     | Found Eleleaxy's Antique Weapon Shop.
 10682 | D:10     | Reached skill level 5 in Fighting
 10873 | D:10     | Found a staircase to the Orcish Mines.
 10929 | D:10     | Killed Gastronok
 10929 | D:10     | Reached *** piety under Dithmenos
 10929 | D:10     | Reached skill level 12 in Stealth
 11353 | Orc:1    | Entered Level 1 of the Orcish Mines
 11355 | Orc:1    | Noticed an orc sorcerer
 11358 | Orc:1    | Noticed an orc knight
 11546 | Lair:1   | Entered Level 1 of the Lair of Beasts
 11639 | Lair:1   | Noticed Urug
 11652 | Lair:1   | Killed Urug
 13100 | Lair:2   | Reached XP level 12. HP: 107/116 MP: 17/17
 13132 | Lair:2   | Reached skill level 13 in Stealth
 14328 | Lair:3   | Noticed a seven-headed hydra
 14333 | Lair:3   | Killed a seven-headed hydra
 14575 | Lair:3   | Reached **** piety under Dithmenos
 15120 | Lair:4   | Found a staircase to the Snake Pit.
 15449 | Lair:4   | Reached skill level 10 in Shields
 15484 | Lair:4   | Found a staircase to the Shoals.
 15633 | Lair:4   | Reached skill level 14 in Stealth
 15876 | Lair:4   | Learned a level 3 spell: Mephitic Cloud
 16490 | Lair:5   | Found a staircase to the Slime Pits.
 16566 | Lair:5   | Gained mutation: You can use your snake-like lower body to
                  | constrict enemies. [Naga growth]
 16566 | Lair:5   | Reached XP level 13. HP: 127/127 MP: 19/19
 17058 | Lair:5   | Reached skill level 1 in Air Magic
 17405 | Lair:6   | Entered Level 6 of the Lair of Beasts
 17412 | Lair:6   | Reached skill level 1 in Conjurations
 17927 | Lair:6   | Reached skill level 10 in Short Blades
 18768 | Lair:6   | Identified a scroll of acquirement
 18769 | Lair:6   | Acquired a manual of Fighting
 18966 | Lair:6   | Reached skill level 5 in Poison Magic
 19011 | Lair:6   | Reached skill level 15 in Stealth
 19030 | Lair:6   | Reached ***** piety under Dithmenos
 19137 | Lair:6   | Cast into level 2 of the Abyss (a wizard)
 19275 | Abyss:2  | Found a corrupted altar of Lugonu.
 19357 | Abyss:2  | Noticed a quicksilver dragon
 19378 | Abyss:2  | HP: 3/132 [quicksilver dragon (14)]
 19379 | Abyss:2  | Mangled by a quicksilver dragon

Illustrated notes

Levels and vault maps discovered:
D:1:      arrival_aquarium_a, layout_basic, st_stairs_5
D:2:      layout_loops_ring, minmay_misc_feat_more_columns, doesnt_xom_only_xom
D:3:      layout_basic, gammafunk_temple_overflow_claw, minmay_quadrilaterals,
          uniq_crazy_yiuf_cottage, uniq_ijyb
D:4:      layout_rooms, grunt_dithmenos_smoke, serial_shops, shop, uniq_duvessa
D:5:      layout_basic, marbit_many_paths, yredelemnul_altar_generic,
          basic_altar, first_ration, nicolae_ru_awakened_eye, uniq_menkaure
D:6:      layout_cave_pods, temple_statues
D:7:      layout_rooms, elyvilon_altar_5, gammafunk_temple_overflow_forgotten,
          basic_altar, minmay_misc_feat_x, nicolae_tso_carved_into_rock,
          uniq_harold, uniq_maggie
D:8:      layout_cave_pools, uniq_pikel
D:9:      layout_small_grid, erik_lair_dragon, enter_bailey_6,
          hangedman_little_slice_of_home
D:10:     layout_loops_ring, zombieorc1_lemuel, serial_shops, shop,
          uniq_gastronok
Temple:   chequers_temple_sunken
Lair:1:   layout_roguey, infiniplex_staircase_pool, grunt_megastairs_1,
          lemuel_fruit_tree, uniq_urug
Lair:2:   layout_regular_city
Lair:3:   layout_small_grid, pond
Lair:4:   layout_loops_ring, minmay_shoals_entry_hut, dummy_snake_entry
Lair:5:   layout_layer_cave, nicolae_slime_entry_slimehenge
Lair:6:   evil_forest, layout_long_grid, lemuel_fruit_fields
Orc:1:    layout_caves, nicolae_volcano_entry_lava_flow, basic_altar,
          lightli_church_of_beogh
Abyss:2:  base: D:15, evilmike_abyss_exit_chaos, evilmike_abyss_exit_vortex,
          minivault_5

Skill      XL: |  1  2  3  4  5  6  7  8  9 10 11 12 13 |
---------------+----------------------------------------+-----
Short Blades   | 1 2 3 4 5 6 7 8 9 10 | 10.0
Stealth        | 4 6 7 9 10 11 12 14 15 | 15.1
Evocations     | 1 2 3 4 5 6 7 8 9 |  9.7
Shields        | 1 2 4 6 7 9 10 | 10.6
Fighting       | 3 4 6 7 8 |  8.9
Poison Magic   | 2 5 |  5.5
Air Magic      | 3 |  3.7
Conjurations   | 3 |  3.0
Armour         | |  1.0
Spellcasting   | |  2.0
Charms         | |  2.0

Action                   |  1- 3 |  4- 6 |  7- 9 | 10-12 | 13-15 || total
-------------------------+-------+-------+-------+-------+-------++-------
Melee: Dagger            |    84 |   207 |   486 |  1077 |   368 ||  2222
       Constrict         |       |       |       |       |    25 ||    25
Throw: Dart              |       |    11 |    25 |       |       ||    36
 Abil: Spit Poison       |     6 |    21 |    52 |    11 |       ||    90
       Breathe Poison Ga |       |       |       |    57 |    18 ||    75
Evoke: Wand              |       |     2 |    10 |     8 |     2 ||    22
       Lightning rod     |       |       |       |    10 |       ||    10
       Tin of tremorston |       |       |       |     2 |     1 ||     3
  Use: Scroll            |       |     5 |    10 |     4 |    15 ||    34
       Potion            |       |     3 |       |     4 |     8 ||    15
 Stab: Sleeping          |       |     4 |     7 |    27 |    23 ||    61
       Distracted        |       |     1 |       |     2 |       ||     3
  Eat: Chunk             |     2 |     9 |     5 |    25 |     5 ||    46
       Ration            |       |       |     3 |     2 |     2 ||     7
Armor: Ring mail         |    35 |    31 |       |       |       ||    66
       Robe              |       |    30 |   174 |       |       ||   204
       Leather armour    |       |       |       |   347 |   147 ||   494
Dodge: Dodged            |    45 |    59 |    69 |   118 |    56 ||   347
Block: Tower shield      |       |    37 |   333 |   709 |   260 ||  1339
